 Dungeon Crawl Stone Soup version 0.29.1-15-g9cfb28693d (webtiles) character file.

Game seed: 10505496503937226965

718 firemarshallily the Covert (level 7, -3/59 (70) HPs)
             Began as a Naga Brigand on Feb 25, 2023.
             Slain by a wight
             ... wielding a +3 falchion
              (9 damage)
             ... on level 8 of the Dungeon.
             The game lasted 00:14:55 (4167 turns).

firemarshallily the Covert (Naga Brigand)           Turns: 4167, Time: 00:14:56

HP:   -3/59 (70)    AC:  7    Str: 14    XL:     7   Next: 70%
MP:   7/7           EV:  9    Int: 11    God:
Gold: 381           SH:  0    Dex: 14    Spells: 6/6 levels left

rFire   . . .      SeeInvis +   a - +2 dagger
rCold   . . .      Faith    .   (no shield)
rNeg    + . .      Spirit   .   b - +0 robe
rPois   +          Reflect  .   j - +0 helmet
rElec   +          Harm     .   F - +1 cloak {rCorr}
rCorr   +          Rampage  .   q - +0 pair of gloves
Will    .....                   (no barding)
Stlth   ++++......              n - amulet of regeneration
HPRegen 0.99/turn               t - ring of wizardry
MPRegen 0.10/turn               w - ring of positive energy

@: heavily drained, very slow
A: AC +2, large, see invisible, deformed body, poison resistance, slowness 2,
spit poison 1, naga tail 1, robust 1, electricity resistance, evolution 1
a: Spit Poison


You were on level 8 of the Dungeon.
You visited 1 branch of the dungeon, and saw 7 of its levels.

You collected 381 gold pieces.

Inventory:

Hand Weapons
 a - a +2 dagger (weapon)
Missiles
 d - 19 poisoned darts
 e - 3 curare-tipped darts
 B - 2 boomerangs
Armour
 b - a +0 robe (worn)
 j - a +0 helmet (worn)
 q - a +0 pair of gloves (worn)
 F - a +1 cloak of preservation (worn)
Jewellery
 k - a ring of fire
 n - an amulet of regeneration (around neck)
 t - a ring of wizardry (left hand)
 w - a ring of positive energy (right hand)
Wands
 l - a wand of flame (30)
 o - a wand of light (6)
 z - a wand of roots (6)
Scrolls
 c - a scroll of amnesia {unknown}
 p - 2 scrolls of vulnerability
 v - a scroll of torment {unknown}
 y - 3 scrolls of poison
 C - 2 scrolls of fear {unknown}
 E - a scroll of fog {unknown}
Potions
 f - a potion of mutation
 g - a potion of berserk rage {unknown}
 h - 4 potions of heal wounds {unknown}
 i - a potion of brilliance {unknown}
 m - 2 potions of curing {unknown}
 r - a potion of flight {unknown}
 s - a potion of haste {unknown}
 u - 2 potions of ambrosia {unknown}
 x - a potion of might {unknown}
 A - 2 potions of degeneration {unknown}
 D - 2 potions of lignification {unknown}


   Skills:
 + Level 4.0 Fighting
 * Level 5.5 Short Blades
 - Level 1.7 Throwing
 - Level 0.7 Dodging
 * Level 10.0 Stealth


You had 6 spell levels left.
You didn't know any spells.
Your spell library contained the following spells:

 Spells                   Type           Power      Damage    Failure   Level
 Sting                    Tmut/Pois      0%         1d3       14%         1
 Poisonous Vapours        Pois/Air       0%         N/A       21%         2
 Olgreb's Toxic Radiance  Pois           0%         N/A       77%         4


Dungeon Overview and Level Annotations

Branches:
Dungeon (8/15)
 Temple: D:4-7         Lair: D:8-11

Altars:
Makhleb
The Shining One

Shops:
D:4 =

Annotations:
D:5 Pikel


Innate Abilities, Weirdness & Mutations

Your serpentine skin is tough. (AC +2)
You have supernaturally acute eyesight. (SInv)
Armour fits poorly on your strangely shaped body.
Your system is resistant to poisons. (rPois)
You cover ground very slowly.
You can spit poison.
You have a snake-like lower body.
You are robust. (+10% HP)
You are resistant to electric shocks. (rElec)
You have hidden genetic potential.


Message History

The wight closely misses you.
You closely miss the wight.
The wight is moderately damaged.
The wight hits you with a +3 falchion.
You barely miss the wight.
The wight is moderately damaged.
You closely miss the wight.
The wight is moderately damaged.
The wight barely misses you.
You barely miss the wight.
The wight is moderately damaged.
The wight hits you with a +3 falchion!
* * * LOW HITPOINT WARNING * * *
You partially resist.
You feel drained.
* * * LOW HITPOINT WARNING * * *
You hit the wight but do no damage.
The wight is moderately damaged.
You hit the wight but do no damage.
The wight is moderately damaged.
The wight hits you with a +3 falchion.
* * * LOW HITPOINT WARNING * * *
You closely miss the wight.
The wight is moderately damaged.
The wight hits you with a +3 falchion!
* * * LOW HITPOINT WARNING * * *
You partially resist.
You feel drained.
You barely miss the wight.
The wight is moderately damaged.
The wight closely misses you.
You hit the wight but do no damage.
The wight is moderately damaged.
You hit the wight.
The wight is moderately damaged.
The wight hits you with a +3 falchion.
* * * LOW HITPOINT WARNING * * *
You partially resist.
You feel drained.
You hit the wight.
The wight is heavily damaged.
The wight hits you with a +3 falchion!
You die...

.# ###...♣.~~~~S [#
#..<............? .#
#.##....~≈~~~~~~~ .#
#.##.#~~P~z≈≈≈~~~ .#
#.##.#♣PP~~~≈≈≈≈~ .#
#.##.# ~~~~~≈≈≈~z .#
#.##.# ~~~~≈≈≈zz .#
#.##.####†~~~P≈♣
.#########.##...@z.~~~~~♣
...........########.~P♣♣♣
..########## #.~♣ ...#
>... #..# #### #..# #..#
...# ##.#


You could see a wight.

Vanquished Creatures
  A black bear (D:5)
  An ogre (D:5)
  A wight (D:8)
  2 electric eels (D:8)
  4 hounds
  Crazy Yiuf (D:4)
  An iguana (D:2)
  2 orc wizards
  4 gnolls (D:4)
  An adder (D:2)
  An ufetubus (D:4)
  3 dart slugs
  12 orcs
  2 bats
  8 endoplasms
  2 giant cockroaches
  6 goblins
  10 hobgoblins
  4 jackals (D:3)
  2 quokkas
  A ball python (D:1)
  3 frilled lizards (D:1)
  4 kobolds
  7 rats
83 creatures vanquished.

Vanquished Creatures (collateral kills)
  An orc priest (D:5)
  An orc wizard (D:5)
  2 orcs (D:5)
4 creatures vanquished.

Vanquished Creatures (others)
  58 plants
58 creatures vanquished.

Grand Total: 145 creatures vanquished

Notes
Turn   | Place    | Note
-------+----------+-------------------------------------------
     0 | D:1      | firemarshallily the Naga Brigand began the quest for the
                  | Orb.
     0 | D:1      | Reached XP level 1. HP: 19/19 MP: 1/1
    81 | D:1      | Reached skill level 6 in Stealth
   187 | D:1      | Reached XP level 2. HP: 16/26 MP: 2/2
   749 | D:1      | Reached XP level 3. HP: 32/32 MP: 3/3
   927 | D:2      | Found a glowing golden altar of the Shining One.
   984 | D:2      | Found a faded altar of an unknown god.
  1154 | D:2      | Reached XP level 4. HP: 40/40 MP: 4/4
  1216 | D:2      | Reached skill level 7 in Stealth
  1804 | D:3      | Reached XP level 5. HP: 47/48 MP: 5/5
  2130 | D:4      | Found Yplait's Jewellery Shop.
  2286 | D:4      | Reached skill level 8 in Stealth
  2320 | D:4      | Reached XP level 6. HP: 5/56 MP: 6/6
  2321 | D:4      | HP: 1/56 [gnoll/+0 club (6)]
  2770 | D:4      | Found a burning altar of Makhleb.
  2770 | D:4      | Found a glowing golden altar of the Shining One.
  2810 | D:4      | Found a runed translucent door.
  2811 | D:4      | Noticed Crazy Yiuf
  2998 | D:4      | Killed Crazy Yiuf
  3092 | D:5      | Entered Level 5 of the Dungeon
  3191 | D:5      | Noticed a black bear
  3198 | D:5      | Gained mutation: You have hidden genetic potential. [potion
                  | of mutation]
  3198 | D:5      | Gained mutation: You are resistant to electric shocks.
                  | (rElec) [potion of mutation]
  3205 | D:5      | Killed a black bear
  3206 | D:5      | Reached skill level 9 in Stealth
  3206 | D:5      | Reached XP level 7. HP: 61/63 MP: 7/7
  3216 | D:5      | Reached skill level 5 in Short Blades
  3384 | D:5      | HP: 2/63 [ogre/+0 giant club (24)]
  3402 | D:5      | Gained mutation: You are robust. (+10% HP) [hidden
                  | potential]
  3916 | D:5      | Noticed Pikel
  3925 | D:5      | You fall into a shaft and drop 3 floors!
  4013 | D:8      | Noticed a death yak
  4156 | D:8      | Reached skill level 10 in Stealth
  4167 | D:8      | Slain by a wight

Illustrated notes

Levels and vault maps discovered:
D:1:      dpeg_arrival_arbitrary_b, layout_loops_cross
D:2:      layout_basic, basic_altar, ebering_ecumenical_altar_sacrificial
D:3:      layout_rooms, grunt_decor_fettered
D:4:      layout_loops_cross, gammafunk_temple_overflow_statue, serial_shops,
          shop, uniq_crazy_yiuf_cottage
D:5:      kennysheep_kobold_camp, layout_rooms, grunt_gozag_breadcrumbs,
          serial_shops, shop_statue, uniq_sigmund, uniq_pikel
D:7:      layout_rooms, grunt_temple_overflow_open, serial_shops,
          nicolae_shop_competitors_out_of_business
D:8:      layout_loops_ring, dpeg_lair_monsters, serial_bayou_lagoon_b,
          uniq_erica

Skill      XL: |  1  2  3  4  5  6  7 |
---------------+----------------------+-----
Stealth        | 6 7 8 9 10 | 10.0
Short Blades   | 3 4 5 |  5.5
Fighting       | 3 4 |  4.0
Throwing       | |  1.7
Dodging        | |  0.7

Action                   |  1- 3 |  4- 6 |  7- 9 || total
-------------------------+-------+-------+-------++-------
Melee: Dagger            |    38 |   203 |   132 ||   373
       Punch             |       |     2 |     1 ||     3
Throw: Dart              |     2 |       |       ||     2
 Abil: Spit Poison       |    12 |    30 |     8 ||    50
  Use: Scroll            |       |     5 |     2 ||     7
       Potion            |       |     1 |     1 ||     2
 Stab: Sleeping          |     6 |     7 |     1 ||    14
       Invisible         |       |     1 |       ||     1
Armor: Robe              |     3 |    62 |    25 ||    90
Dodge: Dodged            |     9 |    84 |    28 ||   121
